 Dungeon Crawl Stone Soup version 0.20.1-1-g8b1a95d (webtiles) character file.

1806 Gremour the Archer (level 9, 0/49 HPs)
             Began as a Tengu Hunter on Nov 5, 2017.
             Was a Follower of Qazlal.
             Slain by an orc warrior
             ... wielding a +0 battleaxe
              (23 damage)
             ... on level 6 of the Dungeon.
             The game lasted 00:44:43 (6624 turns).

Gremour the Archer (Tengu Hunter)                   Turns: 6624, Time: 00:44:44

Health: 0/49       AC:  9    Str: 14    XL:     9   Next: 9%
Magic:  10/10      EV: 13    Int: 11    God:    Qazlal [*.....]
Gold:   299        SH:  9    Dex: 17    Spells: 6/8 levels left

rFire    + . .     SeeInvis .   b - +2 dagger (venom)
rCold    . . .     Gourm    .   (no shield)
rNeg     . . .     Faith    .   c - +1 leather armour
rPois    .         Spirit   .   (helmet restricted)
rElec    .         Reflect  +   y - +2 cloak
rCorr    .         Harm     .   (no gloves)
MR       .....                  (boots unavailable)
Stlth    ++........             B - brooch of Shielding {Reflect SH+8}
Regen    0.2/turn               r - ring of protection from fire
MPRegen  0.2/turn               A - +2 ring of protection

@: no status effects
A: beak, talons 3, able to fly 1
a: Fly, Renounce Religion


You were on level 6 of the Dungeon.
You worshipped Qazlal.
Qazlal was aware of your devotion.
You were not hungry.

You visited 1 branch of the dungeon, and saw 6 of its levels.
You also visited: Sewer.

You collected 299 gold pieces.

Inventory:

Hand Weapons
 a - a +1 shortbow
 b - a +2 dagger of venom (weapon)
 q - a +1 dagger of holy wrath
 t - a +0 blowgun
 z - a +6 flail of crushing
Missiles
 d - 13 arrows
 j - 59 bolts
 p - 13 curare-tipped needles
 s - 49 poisoned needles
Armour
 c - a +1 leather armour (worn)
 y - a +2 cloak (worn)
Jewellery
 r - a ring of protection from fire (left hand)
 v - an uncursed ring of protection from fire
 A - a +2 ring of protection (right hand)
 B - the brooch of Shielding (around neck) {Reflect SH+8}
   (You found it on level 4 of the Dungeon)

   [amulet of reflection]

   It shields you and reflects attacks.
   It affects your SH (+8).
Scrolls
 e - 3 scrolls of magic mapping
 g - 4 scrolls of remove curse
 h - 5 scrolls of identify
 m - a scroll of enchant armour
 H - a scroll of enchant weapon {unknown}
 I - 3 scrolls of random uselessness {unknown}
Potions
 i - 2 potions of ambrosia
 k - a potion of resistance {unknown}
 o - 5 potions of heal wounds {unknown}
 u - 2 potions of mutation {unknown}
 w - a potion of degeneration {unknown}
 D - a potion of brilliance {unknown}
 E - 4 potions of curing {unknown}
 F - 5 potions of might
 G - a potion of agility {unknown}
Books
 x - a book of Callings

   Spells                             Type                      Level
   a - Summon Small Mammal            Summoning                    1
   b - Call Imp                       Summoning                    2
   c - Call Canine Familiar           Summoning                    3
   d - Summon Guardian Golem          Hexes/Summoning              3
   e - Summon Lightning Spire         Summoning/Air                4
   f - Summon Ice Beast               Ice/Summoning                4
Comestibles
 f - 4 bread rations
 l - 4 chunks of flesh
 n - 5 meat rations
 C - a royal jelly


   Skills:
 - Level 2.8 Fighting
 - Level 0.7 Short Blades
 * Level 12.4 Bows
 - Level 1.4 Armour
 - Level 2.5 Dodging
 - Level 1.0 Stealth


You had 6 spell levels left.
You knew the following spells:

 Your Spells              Type           Power        Failure   Level  Hunger
i - Call Imp              Summ           #.......     54%         2    ###....


Dungeon Overview and Level Annotations

Branches:
Dungeon (6/15)
 Temple: D:4-7

Altars:
Qazlal
Yredelemnul
The Shining One


Innate Abilities, Weirdness & Mutations

You have a beak for a mouth.
You have claws for feet.
You can fly.


Message History

Firing (i - inventory):
d - 14 arrows (quivered)
Press: ? - help, Shift-Dir - straight line, f/p - orc warrior
Aim: an orc warrior, wielding a battleaxe and wearing a plate armour (lightly wounded)
You shoot an arrow. The arrow hits the orc warrior.
The orc warrior is moderately wounded.
Your +2 dagger of venom begins to drip with poison!
b - a +2 dagger of venom (weapon)
You hit the orc warrior but do no damage.
The orc warrior is poisoned.
You peck the orc warrior, but do no damage.
The orc warrior is moderately wounded.
The orc warrior closely misses you.
The orc priest calls upon Beogh to heal the orc warrior.
The orc warrior is healed somewhat.
The orc priest calls upon Beogh to heal the orc warrior.
The orc warrior is healed somewhat.
You completely miss the orc warrior.
The orc warrior is lightly wounded.
The orc warrior hits you with a battleaxe!!
You die...

##.#...)..)))..#
#.##
#..##########.###
#.## ##.## #...#
#... #..##
###.###..# ##..#
#..##### ##.#
##..## #.# ##..#
#.### ##.###
#.@.# #.>.. ###o#
##### #.# .....
######.# #####
..##......# #
..........## .
...........# #.
.......(.o.# #
......(....#


You could see an orc warrior and an orc priest.

Vanquished Creatures
  Sigmund (D:2)
  Edmund (D:6)
  An orc warrior (D:6)
  A phantom (D:5)
  A black bear (D:5)
  A centaur (D:5)
  An ogre (D:5)
  A bullfrog (D:6)
  3 howler monkeys
  A jelly (D:6)
  Crazy Yiuf (D:4)
  2 hounds
  3 orc priests
  5 orc wizards
  A worker ant (D:5)
  An iguana (D:6)
  A howler monkey skeleton (D:6)
  11 gnolls
  14 adders
  7 river rats
  2 oozes
  An adder skeleton (D:4)
  4 worms
  3 dart slugs
  4 leopard geckos
  24 orcs
  7 bats
  6 giant cockroaches
  13 hobgoblins
  25 kobolds
  6 quokkas
  4 ball pythons
  7 frilled lizards
  11 goblins
  A jackal skeleton (D:4)
  A leopard gecko skeleton (D:4)
  A quokka skeleton (D:5)
  28 rats
206 creatures vanquished.

Vanquished Creatures (others)
  A leopard gecko (D:2)
  A kobold (Sewer)
2 creatures vanquished.

Grand Total: 208 creatures vanquished

Notes
Turn   | Place    | Note
-------+----------+-------------------------------------------
     0 | D:1      | Gremour the Tengu Hunter began the quest for the Orb.
     0 | D:1      | Reached XP level 1. HP: 12/12 MP: 2/2
   409 | D:1      | Reached XP level 2. HP: 16/17 MP: 3/3
   570 | D:1      | Reached skill level 5 in Bows
   659 | D:1      | Reached XP level 3. HP: 21/22 MP: 4/4
  1202 | D:2      | Noticed Sigmund
  1222 | D:2      | Killed Sigmund
  1222 | D:2      | Reached skill level 6 in Bows
  1222 | D:2      | Reached skill level 1 in Armour
  1222 | D:2      | Reached XP level 4. HP: 12/27 MP: 5/5
  1222 | D:2      | Gained mutation: You can fly. [Tengu growth]
  1222 | D:2      | Reached XP level 5. HP: 14/32 MP: 6/6
  1442 | D:2      | Reached XP level 6. HP: 34/36 MP: 7/7
  1652 | D:2      | Reached skill level 7 in Bows
  1776 | D:2      | Found a basalt altar of Yredelemnul.
  1778 | D:2      | Noticed a profane servitor
  1785 | D:2      | Found a glowing golden altar of the Shining One.
  1787 | D:2      | Noticed an angel
  2636 | D:4      | Found a runed door.
  2640 | D:4      | Noticed Crazy Yiuf
  2646 | D:4      | Killed Crazy Yiuf
  3223 | D:4      | Found a glowing drain.
  3244 | Sewer    | Entered a sewer
  3260 | Sewer    | Reached skill level 8 in Bows
  3364 | Sewer    | Reached XP level 7. HP: 29/40 MP: 8/8
  3791 | Sewer    | Learned a level 2 spell: Call Imp
  4177 | D:4      | Reached skill level 9 in Bows
  4400 | D:5      | Entered Level 5 of the Dungeon
  4444 | D:5      | Reached skill level 10 in Bows
  4444 | D:5      | Reached XP level 8. HP: 34/45 MP: 9/9
  5174 | D:5      | Reached skill level 11 in Bows
  5419 | D:5      | Found a stormy altar of Qazlal.
  5425 | D:5      | Became a worshipper of Qazlal Stormbringer
  5561 | D:6      | Noticed Edmund
  5580 | D:6      | Killed Edmund
  6218 | D:6      | Reached skill level 12 in Bows
  6242 | D:6      | Reached XP level 9. HP: 36/49 MP: 10/10
  6573 | D:6      | Reached * piety under Qazlal
  6624 | D:6      | Slain by an orc warrior

Skill      XL: |  1  2  3  4  5  6  7  8 |
---------------+-------------------------+-----
Bows           | 5 6 8 10 12 | 12.4
Armour         | 1 |  1.4
Fighting       | |  2.8
Short Blades   | |  0.7
Dodging        | |  2.5
Stealth        | |  1.0

Action                   |  1- 3 |  4- 6 |  7- 9 || total
-------------------------+-------+-------+-------++-------
Melee: Dagger            |    11 |    13 |    62 ||    86
       Kick              |     2 |     5 |    13 ||    20
       Peck              |     1 |     2 |    14 ||    17
       Shortbow          |       |       |     1 ||     1
 Fire: Shortbow          |    86 |   167 |   319 ||   572
  Use: Potion            |     1 |       |     1 ||     2
       Scroll            |       |       |     6 ||     6
  Eat: Chunk             |     1 |     6 |     8 ||    15
       Royal jelly       |       |       |     1 ||     1
Armor: Leather armour    |     7 |    12 |    40 ||    59
       Chain mail        |       |    33 |    20 ||    53
Dodge: Dodged            |    22 |    22 |    83 ||   127
Block: Other             |       |    12 |    72 ||    84
       Reflection        |       |       |     5 ||     5
